 Dungeon Crawl Stone Soup version 0.28.0 (webtiles) character file.

Game seed: 16774892016982464620

2 KamiKatze the Shield-Bearer (level 1, 0/11 HPs)
             Began as a Vine Stalker Fighter on Feb 6, 2022.
             Killed from afar by a dart slug (4 damage)
             ... with a slug dart
             ... on level 1 of the Dungeon.
             The game lasted 00:00:28 (81 turns).

KamiKatze the Shield-Bearer (Vine Stalker Fighter)    Turns: 81, Time: 00:00:28

Health: 0/11       AC:  6    Str: 18    XL:     1   Next: 30%
Magic:  0/2        EV:  9    Int:  8    God:
Gold:   9          SH:  4    Dex: 13    Spells: 0/0 levels left

rFire   . . .      SeeInvis .   a - +0 rapier
rCold   . . .      Faith    .   c - +0 buckler
rNeg    . . .      Spirit   +   b - +0 scale mail
rPois   .          Reflect  .   (no helmet)
rElec   .          Harm     .   (no cloak)
rCorr   .          Rampage  .   (no gloves)
Will    .....                   (no boots)
Stlth   ..........              (no amulet)
HPRegen 0.03/turn               (no ring)
MPRegen 0.08/turn               (no ring)

@: no status effects
A: fangs 2, magic shield, antimagic bite, no potion heal 2
a: no special abilities


You were on level 1 of the Dungeon.
You visited 1 branch of the dungeon, and saw 1 of its levels.

You collected 9 gold pieces.

Inventory:

Hand Weapons
 a - a +0 rapier (weapon)
Armour
 b - a +0 scale mail (worn)
 c - a +0 buckler (worn)
Potions
 d - a potion of might
 e - a potion of curing {unknown}


   Skills:
 + Level 2.7 Fighting
 * Level 1.8 Short Blades
 - Level 2.4 Armour
 * Level 2.7 Shields


You couldn't memorise any spells.
You didn't know any spells.
Your spell library was empty.

Dungeon Overview and Level Annotations

Branches:
Dungeon (1/15)

Altars:


Innate Abilities, Weirdness & Mutations

You have extremely sharp teeth.
When hurt, damage is shared between your health and your magic reserves.
Your bite disrupts and absorbs the magic of your enemies.
Potions cannot restore your health.


Message History

The giant cockroach moves out of view.
Found 9 gold pieces.
The giant cockroach bites you.
You puncture the giant cockroach!
You kill the giant cockroach!
The frilled lizard bites you. You block the frilled lizard's attack.
You hit the frilled lizard but do no damage.
Your bite misses the frilled lizard. The frilled lizard bites you.
You closely miss the frilled lizard. Your bite misses the frilled lizard.
The frilled lizard bites you but does no damage.
You hit the frilled lizard.
The frilled lizard is heavily wounded.
The frilled lizard bites you.
You are too injured to fight recklessly!
You are too injured to fight recklessly!
You are too injured to fight recklessly!
You closely miss the frilled lizard.
The frilled lizard is heavily wounded.
The frilled lizard barely misses you.
You miss the frilled lizard. You bite the frilled lizard.
You kill the frilled lizard!
You see here a frilled lizard corpse.
You now have 9 gold pieces.
Found a stone staircase leading down.
There is a stone staircase leading down here.
Magic restored.
A goblin and a dart slug come into view.
The goblin shouts!
A ball python comes into view.
The ball python hisses angrily.
The dart slug barely misses you.
You puncture the dart slug!
The dart slug is almost dead.
The dart slug launches a dart at you. The slug dart hits you.
* * * LOW HITPOINT WARNING * * *
You are too injured to fight recklessly!
There is a stone staircase leading down here.
The dart slug launches a dart at you. The slug dart hits you.
You die...

############
###..........#
#####@...........#
#.w.>.#..........#
#g#####...†......#
#. ####.####### #S
#.# .. ###.# ##
#...# #.######
#.####.#


You could see a dart slug and a goblin.

Vanquished Creatures
  A giant cockroach (D:1)
  A frilled lizard (D:1)
2 creatures vanquished.

Notes
Turn   | Place    | Note
-------+----------+-------------------------------------------
     0 | D:1      | KamiKatze the Vine Stalker Fighter began the quest for the
                  | Orb.
     0 | D:1      | Reached XP level 1. HP: 11/11 MP: 2/2
    81 | D:1      | Killed from afar by a dart slug

Illustrated notes

Levels and vault maps discovered:
D:1:      lemuel_arrival_cross, layout_rooms, serial_curves, eino_curves_01,
          eino_curves_02

Action                   || total
-------------------------++-------
Melee: Rapier            ||     7
       Bite              ||     1
Armor: Scale mail        ||     1
Dodge: Dodged            ||     2
Block: Buckler           ||     1
